 Dungeon Crawl Stone Soup version 0.31.0-11-ge490571c62 (webtiles) character file.

Game seed: 17368499415889532181

364 qw the Shooter (level 6, -6/32 HPs)
             Began as a Spriggan Hunter on Feb 3, 2024.
             Killed by divine providence
             ... invoked by an orc priest
              (16 damage)
             ... on level 4 of the Dungeon.
             The game lasted 00:00:07 (1644 turns).

qw the Shooter (Spriggan Hunter)                    Turns: 1644, Time: 00:00:07

Health: -6/32      AC:  2    Str:  7    XL:     6   Next: 39%
Magic:  7/7        EV: 20    Int: 11    God:
Gold:   121        SH:  0    Dex: 20    Spells: 5/5 levels left

rFire   . . .        a - +2 shortbow
rCold   . . .        (shield currently unavailable)
rNeg    . . .        c - +0 robe
rPois   .            (helmet restricted)
rElec   .            (no cloak)
rCorr   .            (gloves unavailable)
SInv    +            (boots unavailable)
Will    +....        (no amulet)
Stlth   ++           (no ring)
HPRegen 0.25/turn    (no ring)
MPRegen 0.10/turn

%: no passive effects
@: very quick
A: very small, no large weapons, unfitting armour, see invisible, speed 3
a: no special abilities


You were on level 4 of the Dungeon.
You visited 1 branch of the dungeon, and saw 5 of its levels.

You collected 121 gold pieces.


Innate Abilities, Weirdness & Mutations

You are very small and have problems with some larger weapons.
You are too small for most types of armour.
You have supernaturally acute eyesight. (SInv)
You cover ground extremely quickly. (Speed+++)


   Skills:
 - Level 3.0 Fighting
 - Level 6.1 Ranged Weapons
 + Level 5.3 Dodging
 - Level 1.5 Stealth


You had 5 spell levels left.
You didn't know any spells.
Your spell library was empty.

Inventory:

Hand Weapons
 a - a +2 shortbow (weapon)
Armour
 c - a +0 robe (worn)
Wands
 e - a wand of charming (8)
 g - a wand of acid (6)
Scrolls
 b - a scroll of amnesia {unknown}
Potions
 d - a potion of mutation {unknown}
 h - a potion of enlightenment {unknown}
 i - a potion of lignification {unknown}
 j - a potion of curing {unknown}

Dungeon Overview and Level Annotations

Branches:
Dungeon (5/15)
 Temple: D:4-7

Altars:
Ashenzari
Vehumet


Message History

You hear a shout!
You shoot an arrow. The arrow hits the orc wizard.
The orc wizard is moderately wounded.
You shoot an arrow. The arrow barely misses the orc wizard.
You shoot an arrow.
The arrow closely misses the orc wizard.
An orc comes into view. It is wielding a +0 club.
The orc wizard misses you.
An orc priest comes into view.
It is wielding a +0 dagger and wearing a +0 leather armour of poison resistance.
You shoot an arrow. The arrow hits the orc wizard.
The orc wizard is severely wounded.
The orc wizard mumbles some strange words.
The orc wizard flickers and vanishes for a moment.
The orc throws a boomerang.
The boomerang closely misses the orc wizard.
The boomerang hits you.
The orc priest looks braver for a moment.
You shoot an arrow. The arrow barely misses the orc wizard.
The orc wizard gestures at you while chanting.
The magic dart hits you!
The orc throws a boomerang.
The boomerang barely misses the orc wizard.
The boomerang misses you.
The orc priest invokes the aid of Beogh against you.
Beogh smites you!
You shoot an arrow. The arrow hits the orc wizard.
You kill the orc wizard!
You shoot an arrow. The arrow barely misses the orc.
The orc completely misses you. x2
An orc comes into view. It is wielding a +0 dagger.
You shoot an arrow.
The arrow hits the orc but does no damage.
The orc closely misses you.
You shoot an arrow. The arrow closely misses the orc.
The orc misses you.
You shoot an arrow. The arrow hits the orc!
You kill the orc!
The orc priest mumbles some strange prayers to Beogh against you.
Beogh smites you!
Ouch! That really hurt!
You die...

#.........#
#.........###
#########...#
#### ###.#
#... #.# ...
#.# oo #.####
o# #)...##)#
####..@(#
###.## #..#
#..# ....
..### #.. ...


You could see an orc priest and 2 orcs.

Vanquished Creatures
  A black bear (D:5)
  An ogre (D:5)
  A bullfrog (D:5)
  A sleepcap (D:3)
  An orc wizard (D:4)
  An adder (D:2)
  A ribbon worm (D:2)
  A dart slug (D:2)
  An orc (D:4)
  4 ball pythons
  8 endoplasms
  3 giant cockroaches
  8 hobgoblins
  7 jackals (D:2)
  3 quokkas
  5 bats
  A frilled lizard (D:3)
  5 goblins
  3 rats
56 creatures vanquished.

Notes
Turn   | Place    | Note
-------+----------+-------------------------------------------
     0 | D:1      | qw the Spriggan Hunter began the quest for the Orb.
     0 | D:1      | Reached XP level 1. HP: 10/10 MP: 2/2
     0 | D:1      | 0 ||| qw: Version: 0.3-a-157-g843a77d
     0 | D:1      | 0 ||| qw: Game counter: 4002
     0 | D:1      | 0 ||| qw: Melee chars always use a shield: true
     0 | D:1      | 0 ||| qw: God list: Okawaru
     0 | D:1      | 0 ||| qw: Allow faded altars: false
     0 | D:1      | 0 ||| qw: Do Orc after clearing Dungeon:15 true
     0 | D:1      | 0 ||| qw: Do second Lair branch before Depths: true
     0 | D:1      | 0 ||| qw: Lair rune preference: random
     0 | D:1      | 0 ||| qw: Goals: Normal
     0 | D:1      | 0 ||| PLANNING D:1-11
    21 | D:1      | Found a faded altar of an unknown god.
   107 | D:1      | Reached skill level 3 in Dodging
   153 | D:1      | Reached XP level 2. HP: 14/14 MP: 3/3
   593 | D:1      | 593 ||| DROPPING scarf of harm.
   594 | D:1      | 594 ||| READING scroll labelled ZUFINL OCKO.
   594 | D:1      | 594 ||| IDENTIFYING inky potion
   595 | D:1      | 595 ||| READING scroll labelled ITUUNE XIHAJ.
   596 | D:1      | 596 ||| READING scroll labelled COFORCHID ETONI.
   600 | D:1      | 600 ||| READING scroll labelled SYSMEA CITAOFY.
   600 | D:1      | 600 ||| ENCHANTING +0 shortbow.
   601 | D:1      | 601 ||| DROPPING scroll of butterflies.
   602 | D:1      | 602 ||| DROPPING potion of attraction.
   624 | D:2      | Found a broken altar of Ashenzari.
   631 | D:2      | 631 ||| READING scroll of enchant weapon.
   631 | D:2      | 631 ||| ENCHANTING +1 shortbow.
   699 | D:2      | Reached XP level 3. HP: 18/18 MP: 4/4
   894 | D:2      | Reached skill level 5 in Ranged Weapons
   997 | D:2      | 997 ||| READING scroll of identify.
   997 | D:2      | 997 ||| IDENTIFYING bubbling emerald potion
   998 | D:2      | 998 ||| READING scroll labelled OMOWIU HATEQ.
   999 | D:2      | 999 ||| DROPPING potion of ambrosia.
  1073 | D:3      | Reached XP level 4. HP: 22/22 MP: 5/5
  1275 | D:3      | You fall into a shaft and drop 2 floors!
  1275 | D:5      | Entered Level 5 of the Dungeon
  1282 | D:5      | Noticed a black bear
  1283 | D:5      | 1283 ||| ZAPPING wand of acid (9) at 4,-2 (black bear;
                  | floor).
  1284 | D:5      | 1284 ||| ZAPPING wand of acid (8) at 3,-1 (black bear;
                  | floor).
  1284 | D:5      | Killed a black bear
  1285 | D:5      | Reached skill level 3 in Fighting
  1285 | D:5      | Reached XP level 5. HP: 28/28 MP: 6/6
  1343 | D:5      | Noticed an ogre
  1346 | D:5      | 1346 ||| ZAPPING wand of acid (7) at 5,1 (ogre; floor).
  1346 | D:5      | Killed an ogre
  1347 | D:5      | Reached skill level 6 in Ranged Weapons
  1347 | D:5      | Reached XP level 6. HP: 32/32 MP: 7/7
  1424 | D:5      | Found a radiant altar of Vehumet.
  1443 | D:5      | 1443 ||| READING scroll labelled WIONUA LYWKA.
  1544 | D:5      | 1544 ||| READING scroll labelled PUFED LOTHRETUNK.
  1644 | D:4      | Killed from afar by an orc priest

Levels and vault maps discovered:
D:1:      ldierk_walled_garden, layout_basic, hellmonk_ecumenical_altar_lost_god
D:2:      layout_rooms, basic_altar
D:3:      layout_rooms, mainiacjoe_overflow_alcove_4, xom_butterflies,
          grunt_ministairs_10
D:4:      layout_rooms, led_sif_pool, hangedman_decor_points
D:5:      layout_gridville, overflow_temple_1_default, fiery_altar_vehumet,
          lemuel_temple_firewalk_b

Skill      XL: |  1  2  3  4  5 |
---------------+----------------+-----
Dodging        | 3 4 5 |  5.3
Ranged Weapons | 5 6 |  6.1
Fighting       | 3 |  3.0
Stealth        | |  1.5

Action                     |  1- 3 |  4- 6 || total
---------------------------+-------+-------++-------
   Fire: Shortbow          |   105 |    36 ||   141
  Evoke: Wand              |       |     3 ||     3
    Use: Scroll            |     7 |     2 ||     9
 Armour: Robe              |     4 |     6 ||    10
  Dodge: Dodged            |    28 |    13 ||    41

Table legend:
 A = Non-vault XP
 B = Vault XP
 C = Vault XP percentage of total XP
 D = Non-vault monster count
 E = Vault monster count
 F = Vault count percentage of total count
                 A         B        C        D         E       F
            +---------+---------+-------+---------+---------+-------
      Total |     519 |       4 |   0.8 |      54 |       2 |   3.6
            +---------+---------+-------+---------+---------+-------
        D:1 |      27 |       0 |   0.0 |      16 |       0 |   0.0
        D:2 |      58 |       0 |   0.0 |      23 |       0 |   0.0
        D:3 |      55 |       4 |   6.8 |       9 |       2 |  18.2
        D:4 |      40 |       0 |   0.0 |       3 |       0 |   0.0
        D:5 |     339 |       0 |   0.0 |       3 |       0 |   0.0
            +---------+---------+-------+---------+---------+-------
